 Dungeon Crawl Stone Soup version 0.31-a0-845-g9abc20d24f (webtiles) character file.

Game seed: 18181619158636495717

24 arglypuff the Ducker (level 3, -2/25 HPs)
             Began as a Djinni Hedge Wizard on Oct 1, 2023.
             Slain by a cerulean imp
             ... wielding a +2 spear
             ... summoned by Natasha
              (4 damage)
             ... on level 2 of the Dungeon.
             The game lasted 00:01:50 (662 turns).

arglypuff the Ducker (Djinni Hedge Wizard)           Turns: 662, Time: 00:01:50

Health: -2/25      AC:  2    Str:  9    XL:     3   Next: 15%
Gold:   64         EV: 12    Int: 17    God:
                   SH:  0    Dex: 12

rFire   + + .        a - +0 dagger
rCold   x . .        (no shield)
rNeg    . . .        b - +0 robe
rPois   ∞            c - +0 hat
rElec   .            (no cloak)
rCorr   +            (no gloves)
SInv    .            (boots unavailable)
Will    .....        (no amulet)
Stlth   ++           f - ring of resist corrosion
HPRegen 0.24/turn    (no ring)
MPRegen 0.00/turn

%: infuse magic (-3 HP)
@: flying
A: sickness immunity, fire resistance 2, cold vulnerability 1, float, innate
caster, HP casting, extra vitality 1
a: no special abilities


You were on level 2 of the Dungeon.
You visited 1 branch of the dungeon, and saw 2 of its levels.

You collected 64 gold pieces.

Inventory:

Hand Weapons
 a - a +0 dagger (weapon)
Armour
 b - a +0 robe (worn)
 c - a +0 hat (worn)
Jewellery
 f - a ring of resist corrosion (left hand)
Scrolls
 d - 2 scrolls of identify {unknown}
Potions
 e - a potion of enlightenment {unknown}


   Skills:
 + Level 0.2 Fighting
 + Level 0.3 Short Blades
 + Level 3.1 Dodging
 + Level 2.1 Stealth
 + Level 2.9 Spellcasting
 + Level 2.9 Conjurations
 + Level 2.9 Hexes
 + Level 2.9 Summonings
 + Level 2.9 Necromancy
 + Level 2.9 Translocations
 + Level 2.9 Transmutations
 + Level 2.9 Fire Magic
 + Level 2.9 Ice Magic
 + Level 2.9 Air Magic
 + Level 2.9 Earth Magic
 + Level 2.9 Poison Magic


You knew the following spells:

 Your Spells              Type           Power      Damage    Failure   Level
a - Magic Dart            Conj           48%        1d5       5%          1
b - Slow                  Hex            48%        N/A       5%          1
c - Blink                 Tloc           24%        N/A       9%          2
d - Call Imp              Summ           24%        N/A       9%          2
e - Mephitic Cloud        Conj/Pois/Air  12%        N/A       16%         3
f - Apportation           Tloc           24%        N/A       5%          1
Your spell library was empty.

Dungeon Overview and Level Annotations

Branches:
Dungeon (1/15)

Altars:

Annotations:
D:2 Natasha


Innate Abilities, Weirdness & Mutations

You are immune to sickness and miasma.
You are immune to poison.
Your flesh is very heat resistant. (rF++)
You are vulnerable to cold. (rC-)
You float through the air rather than walking.
You learn spells naturally, not from books.
Your magical power is your life essence.
You have superior vitality. (+4 MHP)


Message History

Natasha mumbles some strange words.
The magic dart hits the cerulean imp.
The cerulean imp is lightly wounded.
Casting: Magic Dart (safe; 5% risk of failure)
Confirm with . or Enter, or press ? or * to list all spells.
Aiming: Magic Dart (safe; 5% risk of failure)
Press: ? - help, Shift-Dir - straight line, f/p - cerulean imp
Aim: a cerulean imp, wielding a +2 spear (lightly wounded, summoned, 100% to hit)
Okay, then.
The magic dart hits Natasha.
Natasha is lightly wounded.
Natasha stares at you and mumbles some strange words.
You resist with some effort.
The magic dart hits Natasha.
Natasha is moderately wounded.
The magic dart hits Natasha.
Natasha is moderately wounded.
Natasha claws you.
The cerulean imp hits you from afar with a +2 spear.
The magic dart hits Natasha.
Natasha is severely wounded.
Natasha casts a spell.
The cerulean imp hits you but does no damage.
Casting: Magic Dart (safe; 5% risk of failure)
Confirm with . or Enter, or press ? or * to list all spells.
A tiny devil pulls itself out of the air.
Your cerulean imp says, "Let's spread destruction!"
Natasha claws you. The cerulean imp barely misses you. x2
Casting: Call Imp (safe; 9% risk of failure)
Confirm with . or Enter, or press ? or * to list all spells.
A tiny devil pulls itself out of the air.
Your cerulean imp disappears in a puff of smoke!
Natasha claws you!
* * * LOW HITPOINT WARNING * * *
The cerulean imp misses you.
The cerulean imp hits you from afar with a +0 spear.
* * * LOW HITPOINT WARNING * * *
Natasha misses you.
The cerulean imp hits you from afar with a +2 spear.
You die...

#.# #...........# #.#
#...........# ####.#
#...........# ..##.####
##........†..# #.##.#...
#............# #.##.##.#
#............# #..#.##.#
#5.§.†.......# .....##.#
#............# ###..##.#.#
#@§5.........# ####.##.#.#
#h###.....##.# ........#.# #5#
#.###.##.# ####.####.# #.# #.#
#.##.# #.......#.# ... ..#
#.##.##### #.####..#.#
#.#######.........
........#.####.#.#......>....####
..###...#......#.#.####..##..#
....#.....######.#.###.......#


You could see Natasha, 2 cerulean imps and a friendly cerulean imp (summoned).

Vanquished Creatures
  A dart slug (D:2)
  2 ball pythons (D:2)
  An endoplasm (D:2)
  A giant cockroach (D:2)
  3 hobgoblins
  3 quokkas
  3 bats
  3 frilled lizards
  A kobold (D:1)
  2 rats (D:2)
20 creatures vanquished.

Notes
Turn   | Place    | Note
-------+----------+-------------------------------------------
     0 | D:1      | arglypuff the Djinni Hedge Wizard began the quest for the
                  | Orb.
     0 | D:1      | arglypuff set off with the following spells memorised:
                  | Magic Dart, Slow, Blink, Call Imp, Mephitic Cloud.
     0 | D:1      | Reached XP level 1. HP: 15/15 MP: 0/0
   247 | D:1      | You are sucked into a shaft and drop 1 floor!
   253 | D:2      | Reached XP level 2. HP: 19/21 MP: 0/0
   600 | D:2      | Reached XP level 3. HP: 23/25 MP: 0/0
   600 | D:2      | Learned a level 1 spell: Apportation
   608 | D:2      | Reached skill level 3 in Dodging
   654 | D:2      | Noticed Natasha
   662 | D:2      | Slain by a cerulean imp

Illustrated notes

Levels and vault maps discovered:
D:1:      heliophobic_arrival_enchanted_forest, layout_loops_ring,
          nicolae_twisty_statue_hallways
D:2:      layout_basic, grunt_decor_one_mirror, uniq_natasha

Skill      XL: |  1  2  3 |
---------------+----------+-----
Stealth        | 2 |  2.1
Dodging        | 3 |  3.1
Fighting       | |  0.2
Short Blades   | |  0.3
Spellcasting   | |  2.9
Conjurations   | |  2.9
Hexes          | |  2.9
Summonings     | |  2.9
Necromancy     | |  2.9
Translocations | |  2.9
Transmutations | |  2.9
Fire Magic     | |  2.9
Ice Magic      | |  2.9
Air Magic      | |  2.9
Earth Magic    | |  2.9
Poison Magic   | |  2.9

Action                     || total
---------------------------++-------
  Melee: Dagger            ||     9
   Cast: Magic Dart        ||    45
         Call Imp          ||     2
 Armour: Robe              ||    17
  Dodge: Dodged            ||    18

Table legend: (Time is in decaauts)
 A = Elapsed time spent in this place.
 B = Non-inter-level travel time spent in this place.
 C = Inter-level travel time spent in this place.
 D = Time resting spent in this place.
 E = Time spent auto-exploring this place.
 F = Levels seen in this place.
 G = Mean time per level.
                   A        B        C        D        E       F      G
               +--------+--------+--------+--------+--------+-----+--------+
         Total |    661 |    661 |      0 |     38 |    529 |   2 |  330.5 |
       Dungeon |    661 |    661 |      0 |     38 |    529 |   2 |  330.5 |
               +--------+--------+--------+--------+--------+-----+--------+

Top non-repeatable levels by time:
     D:2: 414 daAuts
     D:1: 247 daAuts
